[Event "Turkish Club Cup 2019"]
[Site "Konya"]
[Date "2019.07.18"]
[Round "4"]
[White "Uysal, Ugur"]
[Black "Banci, Dogancan"]
[Result "1/2-1/2"]
[ECO "A33"]
[WhiteElo "1689"]
[BlackElo "1643"]
[Annotator "NA RC"]
[PlyCount "88"]
[EventDate "2019.07.16"]
[EventType "team-tourn"]
[EventCountry "TUR"]
[SourceTitle "playchess.com"]
[Source "ChessBase"]
[SourceQuality "1"]
[TimeControl "5400+30"]

1. Nf3 Nf6 2. d4 c5 3. c4 cxd4 4. Nxd4 e6 5. g3 Be7 6. Bg2 O-O 7. Nc3 a6 8. O-O Nc6 9. b3 Qc7 10. Bb2 b6 11. Nxc6 dxc6 12. Ne4 Rd8 13. Qc2 Bb7 14. Nxf6+ Bxf6 15. Bxf6 gxf6 16. c5 b5 17. f4 Qe7 18. a4 Rd7 19. axb5 axb5 20. Rxa8+ Bxa8 21. Qc3 Qd8 22. Bf3 Rd2 23. Ra1 Rd1+ 24. Rxd1 Qxd1+ 25. Kf2 Qd8 26. Qd3 Qxd3 27. exd3 Kf8 28. Ke3 Ke7 29. g4 Bb7 30. Be4 h6 31. Kd4 Kd7 32. h4 Ke7 33. Bg2 Kd7 34. Bf3 Ke7 35. Be4 Kd7 36. g5 fxg5 37. fxg5 hxg5 38. hxg5 Kd8 39. Ke5 Ke7 40. b4 Ba8 41. Bg2 Bb7 42. Bf3 Ba8 43. Be4 Bb7 44. Bf3 Ba8 1/2-1/2

[Event "Turkish Club Cup 2019"]
[Site "Konya"]
[Date "2019.07.18"]
[Round "4"]
[White "Polat, Ahmet Eren"]
[Black "Keskin, Osman Orcun"]
[Result "1/2-1/2"]
[ECO "B13"]
[WhiteElo "1651"]
[BlackElo "1719"]
[Annotator "NA"]
[PlyCount "65"]
[EventDate "2019.07.16"]
[EventType "team-tourn"]
[EventCountry "TUR"]
[SourceTitle "playchess.com"]
[Source "ChessBase"]
[SourceQuality "1"]
[TimeControl "5400+30"]

1. e4 c6 2. Nf3 d5 3. Nc3 Bg4 4. Be2 e6 5. d4 Nf6 6. exd5 cxd5 7. Ne5 Bxe2 8. Qxe2 a6 9. O-O Nc6 10. Nxc6 bxc6 11. Na4 Bd6 12. c3 h6 13. b4 O-O 14. Be3 Qc7 15. g3 Ne4 16. f3 Nf6 17. Nc5 Bxc5 18. bxc5 e5 19. Rab1 Rfe8 20. Qd2 Nd7 21. Rb2 Rab8 22. Rfb1 Rxb2 23. Rxb2 Rb8 24. Qc2 Rb5 25. a4 Rxb2 26. Qxb2 exd4 27. Bxd4 f6 28. Qe2 Ne5 29. Bxe5 Qxe5 30. Qxa6 Qxc3 31. Qxc6 Qc1+ 32. Kg2 Qc2+ 33. Kf1 1/2-1/2

[Event "Turkish Club Cup 2019"]
[Site "Konya"]
[Date "2019.07.18"]
[Round "4"]
[White "Bozdemir, Yusuf"]
[Black "Kara, Ali Barkin"]
[Result "0-1"]
[ECO "A48"]
[WhiteElo "1637"]
[BlackElo "1749"]
[Annotator "NA"]
[PlyCount "100"]
[EventDate "2019.07.16"]
[EventType "team-tourn"]
[EventCountry "TUR"]
[SourceTitle "playchess.com"]
[Source "ChessBase"]
[SourceQuality "1"]
[TimeControl "5400+30"]

1. d4 Nf6 2. Nf3 g6 3. Bf4 Bg7 4. e3 d6 5. h3 O-O 6. Be2 c5 7. c3 b6 8. O-O Bb7 9. a4 a6 10. Nbd2 Nbd7 11. Qb3 Qc7 12. Bh2 Rac8 13. Rfd1 Rfe8 14. Bc4 e6 15. Ng5 Qc6 16. Bf1 h6 17. Ngf3 d5 18. Ne5 Nxe5 19. Bxe5 c4 20. Qc2 Nd7 21. Bxg7 Kxg7 22. e4 dxe4 23. Nxc4 Qd5 24. Ne3 Qg5 25. Qd2 Red8 26. Ng4 Qh4 27. g3 Qh5 28. Qf4 f5 29. Ne5 g5 30. g4 Qe8 31. Qh2 f4 32. h4 Nxe5 33. dxe5 Rd5 34. hxg5 hxg5 35. Qh5 Qe7 36. Rxd5 exd5 37. e6 Rh8 38. Qf7+ Qxf7 39. exf7 Kxf7 40. f3 Rh4 41. Bg2 e3 42. a5 b5 43. Rd1 Ke6 44. Rd4 Ke5 45. Bf1 Bc8 46. Kg2 Bxg4 47. fxg4 Rxg4+ 48. Kf3 Rg1 49. Rd1 g4+ 50. Ke2 g3 0-1

[Event "Turkish Club Cup 2019"]
[Site "Konya"]
[Date "2019.07.18"]
[Round "4"]
[White "Yildirim, Yasin"]
[Black "Guder, Serkan"]
[Result "1/2-1/2"]
[ECO "B75"]
[WhiteElo "1619"]
[BlackElo "1872"]
[Annotator "NA RC"]
[PlyCount "93"]
[EventDate "2019.07.16"]
[EventType "team-tourn"]
[EventCountry "TUR"]
[SourceTitle "playchess.com"]
[Source "ChessBase"]
[SourceQuality "1"]
[TimeControl "5400+30"]

1. d4 g6 2. e4 Bg7 3. Nc3 c5 4. Nf3 cxd4 5. Nxd4 Nc6 6. Be3 d6 7. Qd2 Nf6 8. f3 Bd7 9. O-O-O Rc8 10. Nxc6 Bxc6 11. e5 dxe5 12. Qxd8+ Rxd8 13. Rxd8+ Kxd8 14. Bxa7 Bh6+ 15. Kb1 e4 16. Bb6+ Kc8 17. fxe4 Nxe4 18. Nxe4 Bxe4 19. Bc4 Bxg2 20. Rg1 Be4 21. Bxf7 Bf5 22. b4 e6 23. Rd1 Bf4 24. Bc5 Rd8 25. Re1 Kc7 26. Re2 b6 27. Bf2 Rf8 28. Bxe6 Re8 29. Bc4 Rxe2 30. Bxe2 Bxh2 31. a4 g5 32. Bf3 g4 33. Bg2 Bd7 34. b5 Bc8 35. c4 Bb7 36. Bxb7 Kxb7 37. Kc2 g3 38. Be3 g2 39. c5 bxc5 40. Bxc5 Bc7 41. Bg1 h5 42. Kd3 h4 43. Ke2 h3 44. Kf3 Bd6 45. a5 h2 46. Kxg2 hxg1=Q+ 47. Kxg1 1/2-1/2

[Event "Turkish Club Cup 2019"]
[Site "Konya"]
[Date "2019.07.18"]
[Round "4"]
[White "Canakay, Ahmet"]
[Black "Memis, Furkan"]
[Result "0-1"]
[ECO "B17"]
[WhiteElo "1583"]
[BlackElo "1691"]
[Annotator "NA"]
[PlyCount "53"]
[EventDate "2019.07.16"]
[EventType "team-tourn"]
[EventCountry "TUR"]
[SourceTitle "playchess.com"]
[Source "ChessBase"]
[SourceQuality "1"]
[TimeControl "5400+30"]

1. e4 c6 2. d4 d5 3. Nc3 dxe4 4. Nxe4 Nd7 5. Nf3 Ngf6 6. Ng3 e6 7. Bd3 Bd6 8. Qe2 O-O 9. O-O Qc7 10. Re1 b6 11. Ne5 c5 12. Nxd7 Qxd7 13. Bg5 Nd5 14. c4 Nb4 15. Bxh7+ Kxh7 16. Qh5+ Kg8 17. Bf6 Bf4 18. Qg4 Bh6 19. Re4 e5 20. Qh4 Qe6 21. Bxe5 Qg6 22. f4 f5 23. Re2 cxd4 24. Bxd4 Nd3 25. Rf1 Bb7 26. Re7 Be4 27. Nh5 0-1

[Event "Turkish Club Cup 2019"]
[Site "Konya"]
[Date "2019.07.18"]
[Round "4"]
[White "Alev, Gonulden Seda"]
[Black "Kilic, Gulseren"]
[Result "1-0"]
[ECO "B40"]
[WhiteElo "1579"]
[BlackElo "1422"]
[Annotator "NA RC"]
[PlyCount "95"]
[EventDate "2019.07.16"]
[EventType "team-tourn"]
[EventCountry "TUR"]
[SourceTitle "playchess.com"]
[Source "ChessBase"]
[SourceQuality "1"]
[TimeControl "5400+30"]

1. e4 c5 2. b3 Nc6 3. Bb2 e6 4. Nf3 d5 5. exd5 exd5 6. d4 Nf6 7. Be2 Be7 8. O-O O-O 9. Nc3 Bg4 10. dxc5 Bxc5 11. Qd2 Re8 12. Rad1 Ne4 13. Nxe4 Rxe4 14. Qc3 Bf8 15. Bc4 d4 16. Qd2 Bxf3 17. gxf3 Rh4 18. f4 Bd6 19. f3 Bxf4 20. Qg2 Bxh2+ 21. Kf2 Bf4 22. Rh1 Rxh1 23. Rxh1 Qe7 24. Re1 Qh4+ 25. Kf1 Qg3 26. Qe2 Be3 27. Qg2 Qxg2+ 28. Kxg2 Rd8 29. Re2 h5 30. c3 dxc3 31. Bxc3 Bc5 32. Kg3 Nd4 33. Re4 Nf5+ 34. Kf4 Nd6 35. Re5 Nxc4 36. Rxc5 Na3 37. Bb2 Nb1 38. Rc1 Nd2 39. Rd1 g5+ 40. Kf5 Rd5+ 41. Be5 h4 42. f4 f6 43. Ke6 Rxe5+ 44. fxe5 Ne4 45. exf6 h3 46. f7+ Kg7 47. Rd8 Nc5+ 48. Ke7 1-0

[Event "Turkish Club Cup 2019"]
[Site "Konya"]
[Date "2019.07.18"]
[Round "4"]
[White "Metin, Enis"]
[Black "Kul, Ozdemir Efe"]
[Result "1-0"]
[ECO "B06"]
[WhiteElo "1538"]
[BlackElo "1974"]
[Annotator "NA"]
[PlyCount "67"]
[EventDate "2019.07.16"]
[EventType "team-tourn"]
[EventCountry "TUR"]
[SourceTitle "playchess.com"]
[Source "ChessBase"]
[SourceQuality "1"]
[TimeControl "5400+30"]

1. e4 g6 2. d4 Bg7 3. Bc4 d6 4. Nf3 a6 5. a4 e6 6. Nc3 b6 7. O-O Bb7 8. Be3 h6 9. h3 Nd7 10. Qd2 Ne7 11. Rfe1 Nf6 12. Bf4 g5 13. Bh2 Ng6 14. e5 Nh5 15. exd6 Bxf3 16. dxc7 Qd7 17. Qd3 Nh4 18. gxf3 O-O 19. Bxa6 Rxa6 20. Qxa6 Nxf3+ 21. Kg2 Nxh2 22. Kxh2 Qxc7+ 23. Kg1 Bxd4 24. Qd3 Qf4 25. Ne4 Rd8 26. Qe2 Ng7 27. Rad1 Rd5 28. Qg4 Qxg4+ 29. hxg4 Bxb2 30. Rb1 Bd4 31. c3 Bc5 32. Nf6+ Kf8 33. Nxd5 exd5 34. a5 1-0

[Event "Turkish Club Cup 2019"]
[Site "Konya"]
[Date "2019.07.18"]
[Round "4"]
[White "Tuncer, Duru"]
[Black "Koyuncu, Haticesu"]
[Result "1/2-1/2"]
[ECO "C10"]
[WhiteElo "1520"]
[BlackElo "1454"]
[Annotator "NA RC"]
[PlyCount "73"]
[EventDate "2019.07.16"]
[EventType "team-tourn"]
[EventCountry "TUR"]
[SourceTitle "playchess.com"]
[Source "ChessBase"]
[SourceQuality "1"]
[TimeControl "5400+30"]

1. e4 e6 2. d4 d5 3. Nd2 dxe4 4. Nxe4 Nd7 5. Nf3 Ngf6 6. Nxf6+ Nxf6 7. Bg5 Be7 8. Bd3 O-O 9. O-O b6 10. c3 Bb7 11. Ne5 h6 12. Bh4 a6 13. f3 Nd7 14. Bxe7 Qxe7 15. Qe2 Nxe5 16. Qxe5 Rfd8 17. Be4 Bd5 18. Rfd1 Qd6 19. Qxd6 Rxd6 20. c4 Bxe4 21. fxe4 Rad8 22. d5 exd5 23. Rxd5 Kf8 24. Rad1 Ke7 25. Kf2 f6 26. Ke3 c6 27. Rxd6 Rxd6 28. Rxd6 Kxd6 29. Kf4 Ke6 30. g4 g5+ 31. Ke3 c5 32. b3 Ke5 33. h3 Ke6 34. Kd3 Kd6 35. a3 a5 36. a4 Ke6 37. Ke2 1/2-1/2

[Event "Turkish Club Cup 2019"]
[Site "Konya"]
[Date "2019.07.18"]
[Round "4"]
[White "Akyildiz, Alptug"]
[Black "Senturk, Necaattin"]
[Result "1/2-1/2"]
[ECO "D27"]
[WhiteElo "1515"]
[BlackElo "1704"]
[Annotator "NA RC"]
[PlyCount "109"]
[EventDate "2019.07.16"]
[EventType "team-tourn"]
[EventCountry "TUR"]
[SourceTitle "playchess.com"]
[Source "ChessBase"]
[SourceQuality "1"]
[TimeControl "5400+30"]

1. d4 d5 2. c4 dxc4 3. Nc3 Nf6 4. e3 e6 5. Bxc4 a6 6. Nf3 b5 7. Bd3 Bb7 8. O-O c5 9. Re1 Nbd7 10. a3 Be7 11. Bd2 Rc8 12. Rc1 O-O 13. Qe2 Qb6 14. Bb1 Rfd8 15. Rcd1 cxd4 16. Nxd4 Ne5 17. Nf3 Nc4 18. Bc1 Nxa3 19. bxa3 Rxc3 20. Bb2 Rcc8 21. Rxd8+ Rxd8 22. Rc1 Qa5 23. Qc2 Be4 24. Qb3 Bxb1 25. Rxb1 Ne4 26. g3 Nd2 27. Nxd2 Qxd2 28. Bc3 Qd5 29. Qb2 Bf8 30. Bd4 Rc8 31. Bc3 Rc4 32. Bb4 Qf5 33. Rc1 Qd5 34. Rb1 h5 35. Qe2 Qf5 36. Rb2 Qh3 37. Rc2 Rxc2 38. Qxc2 Bxb4 39. axb4 Qg4 40. Qd2 Qc4 41. f3 Qc6 42. Kf2 Qc4 43. Kg1 Qb3 44. Kf2 Qb1 45. Kg2 Qb3 46. Kf2 Qc4 47. Kg1 g6 48. h4 Qc6 49. Qd8+ Kg7 50. Qd4+ Kh7 51. e4 Qc1+ 52. Kf2 Qc2+ 53. Ke3 Qc1+ 54. Ke2 Qc2+ 55. Ke3 1/2-1/2

[Event "Turkish Club Cup 2019"]
[Site "Konya"]
[Date "2019.07.18"]
[Round "4"]
[White "Koc, Bugra Ege"]
[Black "Cevrin, Muhammed Cemre"]
[Result "1/2-1/2"]
[ECO "D77"]
[WhiteElo "1493"]
[BlackElo "1860"]
[Annotator "NA RC"]
[PlyCount "64"]
[EventDate "2019.07.16"]
[EventType "team-tourn"]
[EventCountry "TUR"]
[SourceTitle "playchess.com"]
[Source "ChessBase"]
[SourceQuality "1"]
[TimeControl "5400+30"]

1. d4 Nf6 2. Nf3 g6 3. g3 Bg7 4. Bg2 d5 5. O-O O-O 6. c4 dxc4 7. Na3 c3 8. bxc3 c5 9. e3 Nc6 10. Bb2 Bf5 11. Qe2 Be4 12. Rfd1 Qa5 13. Nd2 Bxg2 14. Kxg2 cxd4 15. cxd4 Rfd8 16. Nb3 Qd5+ 17. Qf3 Ne4 18. Nb5 Qxb5 19. Qxe4 e6 20. Rab1 b6 21. Nd2 Qa4 22. Nf3 Ne7 23. a3 Nd5 24. Rdc1 Rac8 25. Ne5 Rxc1 26. Rxc1 Qb5 27. Qc2 Bh6 28. Qb1 Qe2 29. Re1 Nxe3+ 30. Kg1 Qc2 31. fxe3 Bxe3+ 32. Kh1 Qb3 1/2-1/2

[Event "Turkish Club Cup 2019"]
[Site "Konya"]
[Date "2019.07.18"]
[Round "4"]
[White "Ince, Eray"]
[Black "Emir, Emirhan"]
[Result "0-1"]
[ECO "A90"]
[WhiteElo "1459"]
[BlackElo "1904"]
[Annotator "NA RC"]
[PlyCount "122"]
[EventDate "2019.07.16"]
[EventType "team-tourn"]
[EventCountry "TUR"]
[SourceTitle "playchess.com"]
[Source "ChessBase"]
[SourceQuality "1"]
[TimeControl "5400+30"]

1. d4 e6 2. Nf3 f5 3. g3 Nf6 4. Bg2 d5 5. c4 c6 6. O-O Bd6 7. cxd5 exd5 8. Nc3 O-O 9. Nd2 Qe7 10. Nb3 b5 11. Bg5 Bb7 12. Na5 Kh8 13. Qc2 h6 14. Bxf6 Rxf6 15. Rae1 Na6 16. Nxb7 Qxb7 17. f3 b4 18. Na4 f4 19. e4 Rff8 20. exd5 cxd5 21. Re6 Rad8 22. g4 Nc7 23. Rg6 Nb5 24. Qd3 Rfe8 25. Rd1 Re3 26. Qf5 Rf8 27. Qh5 Qe7 28. g5 Rf5 29. h4 Re1+ 30. Rxe1 Qxe1+ 31. Kh2 Bf8 32. Qg4 Nxd4 33. gxh6 Rf7 34. Qh5 gxh6 35. Rg4 Qe6 36. Rg6 Rf6 37. Nc5 Qf7 38. Qe5 Qxg6 39. Qxd4 Bxc5 40. Qxc5 Qg3+ 41. Kg1 Rg6 42. Qc8+ Kh7 43. Qd7+ Rg7 44. Qf5+ Qg6 45. Qh3 Qc2 46. h5 Rxg2+ 47. Qxg2 Qxg2+ 48. Kxg2 Kg7 49. Kf2 Kf6 50. Ke2 Kg5 51. Kd3 Kxh5 52. Kd4 Kg5 53. Kxd5 h5 54. Kc4 h4 55. Kxb4 h3 56. Kb5 h2 57. Ka6 h1=Q 58. Kxa7 Qxf3 59. a4 Qb3 60. a5 Qxb2 61. a6 Qb5 0-1

[Event "Turkish Club Cup 2019"]
[Site "Konya"]
[Date "2019.07.18"]
[Round "4"]
[White "Dizdar, Didem Dilara"]
[Black "Tetik, Muhammed"]
[Result "0-1"]
[ECO "E60"]
[WhiteElo "1419"]
[BlackElo "1517"]
[Annotator "NA"]
[PlyCount "92"]
[EventDate "2019.07.16"]
[EventType "team-tourn"]
[EventCountry "TUR"]
[SourceTitle "playchess.com"]
[Source "ChessBase"]
[SourceQuality "1"]
[TimeControl "5400+30"]

1. d4 Nf6 2. c4 g6 3. Nf3 Bg7 4. g3 O-O 5. Bg2 c5 6. e3 cxd4 7. exd4 d5 8. b3 Nc6 9. O-O Bg4 10. Bb2 Qd7 11. Nbd2 Rad8 12. Qc1 Bh6 13. Qc3 dxc4 14. bxc4 Bxd2 15. Qxd2 Bxf3 16. Bxf3 Nxd4 17. Bxd4 Qxd4 18. Qxd4 Rxd4 19. Bxb7 Rxc4 20. Rfc1 Rd4 21. Rc7 e6 22. Rac1 Rfd8 23. Bf3 R8d7 24. Rxd7 Rxd7 25. Rd1 Rc7 26. Rd2 Kg7 27. Kg2 Nd7 28. Rb2 f5 29. Bd1 Kf6 30. f4 e5 31. fxe5+ Nxe5 32. Rc2 Rxc2+ 33. Bxc2 Ng4 34. Bb3 Ne3+ 35. Kf3 Nf1 36. Kg2 Nd2 37. Bd1 Ke5 38. h4 h6 39. g4 Nc4 40. Kf2 Kf4 41. gxf5 gxf5 42. Be2 Nd2 43. Bd1 Ne4+ 44. Kg2 Ke3 45. Bh5 f4 46. Bg4 Nd2 0-1

[Event "Turkish Club Cup 2019"]
[Site "Konya"]
[Date "2019.07.18"]
[Round "4"]
[White "Koca, Yildiray"]
[Black "Unlu, Alp Bugra"]
[Result "0-1"]
[ECO "C54"]
[WhiteElo "1418"]
[BlackElo "1832"]
[Annotator "NA RC"]
[PlyCount "68"]
[EventDate "2019.07.16"]
[EventType "team-tourn"]
[EventCountry "TUR"]
[SourceTitle "playchess.com"]
[Source "ChessBase"]
[SourceQuality "1"]
[TimeControl "5400+30"]

1. e4 e5 2. Nf3 Nc6 3. Bc4 Bc5 4. c3 Nf6 5. d4 exd4 6. cxd4 Bb4+ 7. Nc3 Nxe4 8. O-O Bxc3 9. d5 Bf6 10. dxc6 O-O 11. Qd5 Nd6 12. Bd3 dxc6 13. Qh5 g6 14. Qc5 Bf5 15. Bxf5 Nxf5 16. Bf4 Re8 17. Rad1 Qe7 18. Qc2 Nh4 19. Nxh4 Bxh4 20. g3 Bf6 21. h4 a6 22. h5 g5 23. Be3 Rad8 24. Bc5 Qe6 25. Rde1 Qg4 26. Kg2 Qxh5 27. Be3 Qg6 28. Qc1 Qf5 29. Rh1 Qd5+ 30. f3 g4 31. Ref1 Bxb2 32. Qc2 Qd3 33. Qxd3 Rxd3 34. Bf4 Re2+ 0-1

[Event "Turkish Club Cup 2019"]
[Site "Konya"]
[Date "2019.07.18"]
[Round "4"]
[White "Baycu, Arda"]
[Black "Pasa, Ahmet"]
[Result "0-1"]
[ECO "B53"]
[WhiteElo "1394"]
[BlackElo "1500"]
[Annotator "NA RC"]
[PlyCount "120"]
[EventDate "2019.07.16"]
[EventType "team-tourn"]
[EventCountry "TUR"]
[SourceTitle "playchess.com"]
[Source "ChessBase"]
[SourceQuality "1"]
[TimeControl "5400+30"]

1. e4 c5 2. Nf3 d6 3. d4 cxd4 4. Qxd4 a6 5. Bg5 Nc6 6. Qd2 h6 7. Bh4 g5 8. Bg3 Bg7 9. Nc3 Be6 10. Be2 Rc8 11. O-O Nf6 12. e5 dxe5 13. Qxd8+ Rxd8 14. Nxe5 Nd4 15. Bd3 Nh5 16. Rfe1 Nxg3 17. hxg3 O-O 18. Na4 Rd5 19. f4 b5 20. Nc3 Rc5 21. Rad1 Bxe5 22. Rxe5 Rxe5 23. fxe5 Nc6 24. Re1 Rd8 25. a4 b4 26. Ne4 a5 27. Nc5 Rd5 28. Nxe6 fxe6 29. Bc4 Rxe5 30. Rxe5 Nxe5 31. Bxe6+ Kg7 32. Kf2 Kf6 33. Bb3 Nd7 34. c4 Nc5 35. Bc2 b3 36. Bd1 Nxa4 37. Bxb3 Nxb2 38. Ke3 a4 39. Ba2 Ke5 40. c5 Nd1+ 41. Kd3 Nf2+ 42. Kc4 Ne4 43. g4 a3 44. Kb4 Kd4 45. c6 Nd6 46. Kxa3 Kc5 47. c7 Nb5+ 48. Kb3 Nxc7 49. Kc3 Ne8 50. Be6 Kd6 51. Bc4 Ke5 52. Be2 Kf4 53. Kd4 Nf6 54. Bf3 e5+ 55. Kc5 e4 56. Bd1 Nxg4 57. Kd4 Nf2 58. Be2 g4 59. Ba6 h5 60. Bf1 h4 0-1

[Event "Turkish Club Cup 2019"]
[Site "Konya"]
[Date "2019.07.18"]
[Round "4"]
[White "Yalcin, Nehir"]
[Black "Kiziltas, Ece Su"]
[Result "1-0"]
[ECO "B06"]
[WhiteElo "1392"]
[BlackElo "1400"]
[Annotator "NA RC"]
[PlyCount "79"]
[EventDate "2019.07.16"]
[EventType "team-tourn"]
[EventCountry "TUR"]
[SourceTitle "playchess.com"]
[Source "ChessBase"]
[SourceQuality "1"]
[TimeControl "5400+30"]

1. e4 c6 2. d4 g6 3. Nc3 Bg7 4. Be3 d6 5. Qd2 b5 6. Bd3 Nd7 7. Nge2 Bb7 8. O-O Ngf6 9. h3 O-O 10. f4 a6 11. Ng3 c5 12. d5 Qc7 13. Be2 h5 14. f5 Ne5 15. Bf4 b4 16. Nd1 h4 17. Bxe5 hxg3 18. Bxf6 Bxf6 19. Qf4 Kg7 20. Qxg3 Rh8 21. c3 Rh7 22. Bd3 Be5 23. Qg4 Bc8 24. Qf3 g5 25. Bc2 Bd7 26. Rb1 Bb5 27. Bd3 Be8 28. cxb4 cxb4 29. Be2 Qb6+ 30. Nf2 f6 31. Qd3 Bb5 32. Qd1 Qe3 33. Bxb5 Qg3 34. Ng4 Rxh3 35. Rf3 Rh1+ 36. Kxh1 Rh8+ 37. Kg1 Qh4 38. Rh3 Bh2+ 39. Rxh2 Qg3 40. Rxh8 1-0

[Event "Turkish Club Cup 2019"]
[Site "Konya"]
[Date "2019.07.18"]
[Round "4"]
[White "Unal, Beren"]
[Black "Yurdakul, Didem Nuray"]
[Result "0-1"]
[ECO "B38"]
[WhiteElo "1391"]
[BlackElo "1779"]
[Annotator "NA RC"]
[PlyCount "84"]
[EventDate "2019.07.16"]
[EventType "team-tourn"]
[EventCountry "TUR"]
[SourceTitle "playchess.com"]
[Source "ChessBase"]
[SourceQuality "1"]
[TimeControl "5400+30"]

1. e4 c5 2. Nf3 d6 3. d4 cxd4 4. Nxd4 Nf6 5. f3 g6 6. c4 Bg7 7. Be3 O-O 8. Nc3 Nc6 9. Qd2 Nxd4 10. Bxd4 Be6 11. Be2 Qa5 12. O-O Rfc8 13. b3 b5 14. b4 Qxb4 15. Rab1 Qa5 16. Rxb5 Qd8 17. Nd5 Bxd5 18. cxd5 Qc7 19. Rfb1 Rab8 20. Rxb8 Rxb8 21. Rc1 Qd7 22. Rc6 Rb1+ 23. Bf1 Qb7 24. Qd3 Nd7 25. Bxg7 Kxg7 26. Qc3+ Nf6 27. Qd3 Qb2 28. h3 h5 29. Rc2 Qb6+ 30. Kh2 h4 31. Rc6 Qb2 32. Rc2 Qe5+ 33. Kg1 Nh5 34. Rc7 Ra1 35. a3 Ng3 36. Rxa7 Rxf1+ 37. Qxf1 Nxf1 38. Kxf1 Qa1+ 39. Ke2 Qb2+ 40. Kd3 Qxg2 41. Rxe7 Qxf3+ 42. Kd4 Qf6+ 0-1

[Event "Turkish Club Cup 2019"]
[Site "Konya"]
[Date "2019.07.18"]
[Round "4"]
[White "Arslan, Hasan Bahadir"]
[Black "Efendioglu, Ahmet"]
[Result "1/2-1/2"]
[ECO "C10"]
[WhiteElo "1377"]
[BlackElo "1511"]
[Annotator "NA RC"]
[PlyCount "89"]
[EventDate "2019.07.16"]
[EventType "team-tourn"]
[EventCountry "TUR"]
[SourceTitle "playchess.com"]
[Source "ChessBase"]
[SourceQuality "1"]
[TimeControl "5400+30"]

1. e4 e6 2. d4 d5 3. Nc3 dxe4 4. Nxe4 Nd7 5. Nf3 Ngf6 6. Nxf6+ Nxf6 7. c4 Be7 8. Be2 O-O 9. O-O b6 10. h3 Bb7 11. Be3 c5 12. dxc5 Bxc5 13. Bxc5 bxc5 14. Qxd8 Rfxd8 15. Rfd1 Kf8 16. Rxd8+ Rxd8 17. Rd1 Rxd1+ 18. Bxd1 Bxf3 19. Bxf3 Nd7 20. Kf1 Ne5 21. Be2 Ke7 22. Ke1 Kd6 23. Kd2 Nc6 24. Kc3 a5 25. a3 e5 26. Bd3 g6 27. Kb3 Kc7 28. Ka4 Kb6 29. Be4 Ne7 30. b4 axb4 31. axb4 f5 32. Bd3 e4 33. Be2 cxb4 34. Kxb4 Nc6+ 35. Kc3 Kc5 36. Bf1 Nd4 37. Kd2 Nc6 38. Kc3 Ne5 39. Be2 g5 40. f3 e3 41. Bf1 f4 42. Be2 Nc6 43. Kd3 Nd4 44. Bd1 e2 45. Bxe2 1/2-1/2

[Event "Turkish Club Cup 2019"]
[Site "Konya"]
[Date "2019.07.18"]
[Round "4"]
[White "Yalcin, Sudenaz"]
[Black "Sural, Ceren"]
[Result "0-1"]
[ECO "B01"]
[WhiteElo "1371"]
[BlackElo "1622"]
[Annotator "NA RC"]
[PlyCount "168"]
[EventDate "2019.07.16"]
[EventType "team-tourn"]
[EventCountry "TUR"]
[SourceTitle "playchess.com"]
[Source "ChessBase"]
[SourceQuality "1"]
[TimeControl "5400+30"]

1. e4 d5 2. exd5 Qxd5 3. Nc3 Qa5 4. d4 Nf6 5. Nf3 Bf5 6. Bc4 e6 7. Bd2 Bb4 8. Ne5 O-O 9. g4 Bg6 10. h4 c5 11. Nxg6 hxg6 12. a3 Bxc3 13. Bxc3 Qc7 14. dxc5 Rd8 15. Qe2 Qc6 16. Rg1 Ne4 17. Ba5 Rc8 18. O-O-O Na6 19. Bxa6 bxa6 20. Rge1 Nxc5 21. Bc3 f6 22. g5 e5 23. Qc4+ Ne6 24. Qg4 f5 25. Qe2 e4 26. Qe3 Rc7 27. f3 Nc5 28. fxe4 Nxe4 29. Rd3 Nc5 30. Rd2 Ne4 31. Rd3 Nc5 32. Rd2 Qb6 33. Qe5 Qb7 34. Red1 Rf8 35. Rd8 Rxd8 36. Rxd8+ Kh7 37. b3 Qc6 38. Rc8 Ne6 39. Rxc7 Qxc7 40. Qxc7 Nxc7 41. a4 Kg8 42. Bd4 Kf7 43. Kd2 Ne6 44. Bxa7 Ke7 45. Ke3 Kd6 46. b4 Kd5 47. c3 Kc4 48. Bd4 Nxd4 49. cxd4 Kxb4 50. Kf4 Kc4 51. Ke5 f4 52. Kxf4 Kxd4 53. Kf3 a5 54. Kf4 Kd5 55. Ke3 Ke5 56. Kf3 Kd4 57. Kf4 Kd5 58. Ke3 Ke5 59. Kf3 Kf5 60. Kg3 Ke4 61. Kg4 Ke3 62. Kg3 Kd4 63. Kf4 Kd5 64. Ke3 Ke5 65. Kd3 Kd5 66. Ke3 Kc4 67. Ke4 Kb4 68. Kd4 Kxa4 69. Kc4 Ka3 70. Kc3 a4 71. Kc2 Kb4 72. Kb2 Kc4 73. Ka3 Kd4 74. Kxa4 Ke4 75. Kb4 Kf4 76. Kc4 Kg4 77. Kd4 Kxh4 78. Ke3 Kxg5 79. Kf3 Kh4 80. Kf2 Kh3 81. Kg1 g5 82. Kh1 g4 83. Kg1 Kg3 84. Kf1 Kh2 0-1

[Event "Turkish Club Cup 2019"]
[Site "Konya"]
[Date "2019.07.18"]
[Round "4"]
[White "Demir, Aleyna"]
[Black "Bas, Selin"]
[Result "1-0"]
[ECO "C01"]
[WhiteElo "1354"]
[BlackElo "1286"]
[Annotator "NA RC"]
[PlyCount "69"]
[EventDate "2019.07.16"]
[EventType "team-tourn"]
[EventCountry "TUR"]
[SourceTitle "playchess.com"]
[Source "ChessBase"]
[SourceQuality "1"]
[TimeControl "5400+30"]

1. e4 e6 2. d4 d5 3. exd5 exd5 4. Bd3 Nf6 5. c3 Be7 6. Nf3 O-O 7. Qc2 h6 8. O-O Bg4 9. Nbd2 c5 10. Re1 Nbd7 11. Bf5 Bxf5 12. Qxf5 Re8 13. Nf1 g6 14. Qh3 h5 15. Ne5 Bd6 16. Bf4 Qc7 17. Nxd7 Nxd7 18. Bg5 Nb6 19. Bf6 c4 20. Qh4 Bf8 21. Ng3 Bh6 22. Re5 Rxe5 23. Bxe5 Qd8 24. Bf6 Qf8 25. f4 Re8 26. Rf1 Bg7 27. Bxg7 Kxg7 28. f5 Qh8 29. fxg6 fxg6 30. Qf6+ Kh7 31. Qf7+ Kh6 32. Rf6 Qg8 33. Nf5+ Kg5 34. h4+ Kg4 35. Rxg6+ 1-0

[Event "Turkish Club Cup 2019"]
[Site "Konya"]
[Date "2019.07.18"]
[Round "4"]
[White "Barutcu, Sevil"]
[Black "Haktanirlar, Zeren"]
[Result "1-0"]
[ECO "C41"]
[WhiteElo "1348"]
[BlackElo "1294"]
[Annotator "NA"]
[PlyCount "53"]
[EventDate "2019.07.16"]
[EventType "team-tourn"]
[EventCountry "TUR"]
[SourceTitle "playchess.com"]
[Source "ChessBase"]
[SourceQuality "1"]
[TimeControl "5400+30"]

1. e4 d6 2. d4 Nf6 3. Nc3 e5 4. Nf3 Nbd7 5. h3 Be7 6. Be2 O-O 7. O-O c6 8. Be3 Qc7 9. Qd2 Rd8 10. Rad1 b6 11. Nh2 Bb7 12. f3 Nh5 13. f4 Ng3 14. Rf3 Nxe2+ 15. Qxe2 Nf6 16. Rg3 exd4 17. Bxd4 c5 18. Bf2 a5 19. Ng4 Nh5 20. Nh6+ Kf8 21. Qxh5 gxh6 22. Qxh6+ Ke8 23. Qxh7 Bf6 24. Nd5 Bxd5 25. exd5 Kd7 26. Qf5+ Ke7 27. Re1+ 1-0

[Event "Turkish Club Cup 2019"]
[Site "Konya"]
[Date "2019.07.18"]
[Round "4"]
[White "Ozturk, Nil"]
[Black "Kurnaz, Azra"]
[Result "1-0"]
[ECO "C49"]
[WhiteElo "1345"]
[BlackElo "1268"]
[Annotator "NA RC"]
[PlyCount "135"]
[EventDate "2019.07.16"]
[EventType "team-tourn"]
[EventCountry "TUR"]
[SourceTitle "playchess.com"]
[Source "ChessBase"]
[SourceQuality "1"]
[TimeControl "5400+30"]

1. e4 e5 2. Nf3 Nc6 3. Nc3 Nf6 4. Bb5 Bb4 5. O-O d6 6. d3 O-O 7. Bg5 Bxc3 8. bxc3 h6 9. Bh4 Bg4 10. h3 Bh5 11. Re1 a6 12. Bc4 Re8 13. a3 Qe7 14. Qe2 g5 15. Bg3 Kh8 16. Qe3 Qf8 17. Nh2 Qg7 18. f3 Ne7 19. Ng4 Bxg4 20. hxg4 Ng6 21. Kf2 Nf4 22. Rh1 Kh7 23. Rh2 Rh8 24. d4 Rad8 25. Re1 Kg8 26. Rd1 Kh7 27. Bxf4 gxf4 28. Qe2 Rde8 29. Rdh1 Kg8 30. Rh3 Qg5 31. Bb3 b5 32. a4 exd4 33. cxd4 Kg7 34. g3 fxg3+ 35. Rxg3 Qf4 36. Kg2 c6 37. axb5 axb5 38. Ra1 Ra8 39. Rxa8 Rxa8 40. e5 dxe5 41. Qxe5 Qd2+ 42. Kh3 Re8 43. Qc7 Nd5 44. Bxd5 cxd5 45. c3 Re2 46. Rg1 Re3 47. Qf4 Qxc3 48. Rg3 Qe1 49. Rg2 Qh1+ 50. Kg3 Qe1+ 51. Kh3 Qc3 52. Rg3 b4 53. g5 h5 54. Qf6+ Kf8 55. g6 Qc8+ 56. Kh4 Qe6 57. Qd8+ Kg7 58. gxf7+ Kxf7 59. Qg8+ Ke7 60. Rg7+ Kd6 61. Rg6 Kd7 62. Rxe6 Rxe6 63. Qf7+ Kd6 64. Qb7 Re3 65. Qxb4+ Ke6 66. Qb6+ Ke7 67. Qc7+ Kf6 68. Qf4+ 1-0